 Dungeon Crawl Stone Soup version 0.26.1-2-gb8aa6d0cf2 (webtiles) character file.

Game seed: 16256388864842288806

20942 windgrace the Slinger (level 13, -2/89 HPs)
             Began as a Halfling Hunter on Feb 10, 2021.
             Was an Elder of Wu Jian.
             Killed from afar by an eleionoma (31 damage)
             ... with a spray of wooden splinters
             ... on level 1 of the Swamp.
             The game lasted 01:41:28 (12750 turns).

windgrace the Slinger (Halfling Hunter)            Turns: 12750, Time: 01:41:30

Health: -2/89      AC: 22    Str: 26    XL:     13   Next: 16%
Magic:  13/13      EV: 17    Int:  9    God:    Wu Jian [****..]
Gold:   733        SH: 17    Dex: 20    Spells: 12/12 levels left

rFire    . . .     SeeInvis .   q - +10 short sword of the Magi {vorpal, Str+8}
rCold    + . .     Faith    .   U - +4 kite shield
rNeg     . . .     Spirit   .   e - +5 chain mail of the Guild-Master {*Corrode rElec Str+2 Stlth+}
rPois    .         Reflect  .   N - +0 helmet
rElec    +         Harm     .   (no cloak)
rCorr    .         Rampage  .   f - +2 pair of gloves {Str+3}
Will     .....                  j - +0 pair of boots
Stlth    +.........             g - amulet of regeneration
HPRegen  0.64/turn              K - +4 ring of evasion
MPRegen  0.13/turn              i - ring of protection from cold

@: no status effects
A: small, camouflage 1, mutation resistance 1
a: Renounce Religion, Wall Jump, Serpent's Lash


You were on level 1 of the Swamp.
You worshipped Wu Jian.
Wu Jian was greatly pleased with you.
You visited 3 branches of the dungeon, and saw 14 of its levels.

You collected 949 gold pieces.
You spent 216 gold pieces at shops.

Inventory:

Hand Weapons
 a - a +1 hunting sling
 b - a +0 short sword
 q - the +10 short sword of the Magi (weapon) {vorpal, Str+8}
   (You bought it in a shop on level 10 of the Dungeon)

   It inflicts extra damage upon your enemies.
   It affects your strength (+8).
 t - a +0 hunting sling of flaming
 w - a +0 whip
 A - a +5 short sword of freezing
 H - a +3 quarterstaff
 L - the +3 trident of Articulation {holy, Dex+6}
   (You found it on level 11 of the Dungeon)

   It has been blessed by the Shining One to cause great damage to the undead
   and demons.
   It affects your dexterity (+6).
Missiles
 k - 216 stones
 G - 13 datura-tipped darts
 P - 108 sling bullets
Armour
 c - a +0 leather armour
 e - the +5 chain mail of the Guild-Master (worn) {*Corrode rElec Str+2 Stlth+}
   (You found it on level 2 of the Dungeon)

   It affects your strength (+2).
   It insulates you from electricity.
   It may corrode you when you take damage.
   It makes you more stealthy.
 f - a +2 pair of gloves of strength (worn)
 j - a +0 pair of boots (worn)
 y - a +0 buckler
 F - the +3 leather armour of Pessimism {rPois rF- Str+9 Dex-4}
   (You found it on level 10 of the Dungeon)

   It affects your strength (+9).
   It affects your dexterity (-4).
   It makes you vulnerable to fire.
   It protects you from poison.
 N - a +0 helmet (worn)
 U - a +4 kite shield (worn)
Jewellery
 g - an amulet of regeneration (around neck)
 i - a ring of protection from cold (right hand)
 s - an uncursed ring of wizardry
 u - an uncursed ring of positive energy
 v - a -4 ring of dexterity
 z - an uncursed ring of teleportation
 K - a +4 ring of evasion (left hand)
 T - an uncursed ring of resist corrosion
Wands
 d - a wand of paralysis (19)
 E - a wand of digging (1)
 M - a wand of enslavement (20)
 O - a wand of iceblast (4)
 Q - a wand of flame (16)
 S - a wand of disintegration (14) (quivered)
 Y - a wand of polymorph (3)
Scrolls
 n - 3 scrolls of magic mapping
 p - 3 scrolls of teleportation
 x - 7 scrolls of remove curse
 B - 3 scrolls of enchant weapon
 C - 3 scrolls of identify
 D - a scroll of fog
 R - 2 scrolls of random uselessness {unknown}
 W - a scroll of summoning {unknown}
Potions
 h - 5 potions of flight
 l - 4 potions of degeneration
 m - 3 potions of lignification
 r - 3 potions of attraction
 I - a potion of curing
 J - a potion of brilliance
 V - a potion of magic {unknown}
 X - a potion of cancellation


   Skills:
 + Level 8.4 Fighting
 + Level 10.9 Short Blades
 + Level 0.4 Maces & Flails
 + Level 14.9 Slings
 + Level 0.4(7.0) Throwing
 + Level 9.4 Armour
 + Level 5.1 Dodging
 + Level 2.1 Stealth
 + Level 9.6 Shields
 + Level 0.4 Evocations


You had 12 spell levels left.
You didn't know any spells.
Your spell library contained the following spells:

 Spells                   Type           Power        Failure   Level
 Freeze                   Ice            0%           99%         1
 Magic Dart               Conj           0%           99%         1
 Sandblast                Erth           0%           99%         1
 Call Imp                 Summ           0%           100%        2
 Passwall                 Tmut/Erth      0%           100%        2
 Frozen Ramparts          Ice            0%           100%        3
 Ozocubu's Armour         Ice            0%           100%        3
 Stone Arrow              Conj/Erth      0%           100%        3
 Summon Guardian Golem    Hex/Summ       0%           100%        3
 Hailstorm                Conj/Ice       0%           100%        4
 Petrify                  Tmut/Erth      0%           100%        4
 Summon Ice Beast         Ice/Summ       0%           100%        4
 Lee's Rapid Deconstruct  Erth           0%           100%        5
 Orb of Destruction       Conj           0%           100%        7
 Summon Hydra             Summ           0%           100%        7


Dungeon Overview and Level Annotations

Branches:
Dungeon (11/15)            Temple (0/1) D:6            Lair (2/6) D:10
  Swamp (1/4) Lair:2          Orc (0/2) D:10
  Snake: Lair:2-4    Spider: Lair:2-4

Altars:
Ashenzari
Fedhas
Okawaru
Trog
Uskayaw
Wu Jian
Yredelemnul
Beogh

Shops:
D:10 (

Annotations:
Swamp:1 Kirke


Innate Abilities, Weirdness & Mutations

You are small and have problems with some larger weapons.
You are somewhat resistant to further mutation.
Your skin changes colour to match your surroundings (Stealth+).


Message History

You puncture the eleionoma!
The eleionoma is severely wounded.
You spin and attack the tyrant leech.
You hit the tyrant leech.
The tyrant leech is lightly wounded.
The tyrant leech bites you!
The tyrant leech draws strength from your injuries!
You block the eleionoma's attack.
You spin and attack the eleionoma.
You puncture the eleionoma!
The eleionoma is almost dead.
The eleionoma hurls a spray of splinters at you.
The spray of wooden splinters misses you.
You puncture the eleionoma!
The eleionoma is almost dead.
You block the tyrant leech's attack.
You spin and attack the tyrant leech repeatedly.
Your shield and chain mail of the Guild-Master prevent you from hitting the tyrant leech.
You hit the tyrant leech but do no damage.
The eleionoma hurls a spray of splinters at you.
The spray of wooden splinters hits you!!
You die...

≈..≈♣ ≈≈≈♣
♣♣≈≈.♣ ≈ ♣♣
♣♣♣≈..≈♣ §≈
♣♣.♣♣♣....♣
..≈♣≈|..(.≈..♣♣
..$≈..≈†≈≈≈≈≈..♣
♣♣≈≈≈≈≈≈≈Rw≈..≈♣
≈.....≈≈.w.@.≈♣♣
≈.≈≈≈...(♣≈♣♣♣♣
≈.≈≈≈...♣♣♣♣
≈.......≈
≈.♣♣♣♣... ♣≈.
♣♣♣


You could see an eleionoma and 2 tyrant leeches.

Vanquished Creatures
  The ghost of 0gre the Frost Mage, a journeyman GnIE of Cheibriados (Lair:1)
  Erolcha (D:10)
  3 hydras
  The ghost of thiole the Covert, a journeyman OpWz of Gozag (D:9)
  A centaur warrior (D:5)
  A tengu warrior (D:11)
  An alligator (Swamp:1)
  3 death yaks
  Sonja (D:10)
  An unseen horror (D:11)
  2 ugly things
  A black mamba (Lair:1)
  4 cane toads (Lair:1)
  Psyche (D:11)
  A komodo dragon (Lair:2)
  Sigmund (D:2)
  2 wyverns
  5 yaks (Lair:2)
  Grum (D:10)
  A basilisk (D:11)
  2 hogs (Swamp:1)
  4 wargs
  Edmund (D:6)
  3 swamp worms (Swamp:1)
  5 water moccasins
  8 orc warriors
  2 sky beasts
  2 black bears
  An eye of draining (D:5)
  3 ice beasts
  A necrophage (D:7)
  3 ogres
  4 centaurs
  5 wolves
  3 big kobolds
  8 bullfrogs
  A gnoll sergeant (D:9)
  A wyvern zombie (D:11)
  4 scorpions
  10 wights
  An electric eel (Lair:1)
  2 howler monkeys
  7 hounds
  9 orc priests
  A centaur skeleton (D:4)
  5 jellies
  10 orc wizards
  2 bullfrog skeletons
  Jessica (D:2)
  5 iguanas
  Terence (D:2)
  4 hell rats
  11 worker ants
  2 hound zombies
  7 adders
  5 gnolls (D:9)
  A river rat (D:10)
  2 worker ant zombies
  3 white imps
  3 ufetubi
  7 oozes (D:2)
  2 adder skeletons
  3 worms
  3 dart slugs
  4 leopard geckos
  34 orcs
  11 bats
  11 giant cockroaches
  7 goblins
  13 hobgoblins
  7 jackals
  30 kobolds
  7 quokkas
  6 frilled lizards
  A leopard gecko zombie (D:5)
  A quokka zombie (D:6)
  10 rats
343 creatures vanquished.

Vanquished Creatures (others)
  An orc (D:9)
  5 fungi
  A plant (Lair:1)
  5 toadstools (D:2)
12 creatures vanquished.

Grand Total: 355 creatures vanquished

Notes
Turn   | Place    | Note
-------+----------+-------------------------------------------
     0 | D:1      | windgrace the Halfling Hunter began the quest for the Orb.
     0 | D:1      | Reached XP level 1. HP: 14/14 MP: 1/1
    36 | D:1      | Reached skill level 6 in Slings
    50 | D:1      | Reached XP level 2. HP: 19/19 MP: 2/2
   292 | D:1      | Reached XP level 3. HP: 24/24 MP: 3/3
   410 | D:1      | Reached skill level 7 in Slings
   754 | D:2      | Noticed Terence
   766 | D:2      | Killed Terence
   767 | D:2      | Reached XP level 4. HP: 22/30 MP: 4/4
  1023 | D:2      | Noticed Jessica
  1029 | D:2      | Killed Jessica
  1030 | D:2      | Reached skill level 8 in Slings
  1030 | D:2      | Reached XP level 5. HP: 22/35 MP: 5/5
  1295 | D:2      | Reached skill level 9 in Slings
  1350 | D:2      | Reached XP level 6. HP: 41/41 MP: 6/6
  1376 | D:2      | Reached skill level 1 in Armour
  1422 | D:2      | Got a fading chain mail
  1433 | D:2      | Identified the +5 chain mail of the Guild-Master {*Corrode
                  | rElec Str+2 Stlth+} (You found it on level 2 of the
                  | Dungeon)
  1652 | D:2      | Noticed Sigmund
  1659 | D:2      | Killed Sigmund
  1660 | D:2      | Reached skill level 10 in Slings
  1660 | D:2      | Reached XP level 7. HP: 45/46 MP: 7/7
  1748 | D:3      | Found a hide-covered altar of Uskayaw.
  3327 | D:5      | Entered Level 5 of the Dungeon
  3347 | D:5      | Reached skill level 11 in Slings
  3355 | D:5      | Reached XP level 8. HP: 53/53 MP: 8/8
  3496 | D:5      | Noticed a centaur warrior
  3520 | D:5      | Killed a centaur warrior
  3521 | D:5      | Reached skill level 12 in Slings
  3521 | D:5      | Reached skill level 1 in Shields
  3521 | D:5      | Reached XP level 9. HP: 24/59 MP: 9/9
  3766 | D:5      | Reached skill level 13 in Slings
  3972 | D:5      | Found a blossoming altar of Fedhas.
  3980 | D:5      | Reached skill level 5 in Fighting
  3997 | D:5      | Found an ornate altar of the Wu Jian Council.
  4005 | D:5      | Became a worshipper of the Wu Jian Council
  4225 | D:6      | Found a staircase to the Ecumenical Temple.
  4391 | D:6      | Found an iron altar of Okawaru.
  4421 | D:6      | Noticed Edmund
  4472 | D:6      | Killed Edmund
  4750 | D:6      | Found a bloodstained altar of Trog.
  4781 | D:6      | Reached skill level 14 in Slings
  5210 | D:6      | Found a broken altar of Ashenzari.
  5590 | D:7      | Reached * piety under Wu Jian
  5668 | D:7      | Reached XP level 10. HP: 68/68 MP: 10/10
  6814 | D:8      | Reached skill level 1 in Short Blades
  6814 | D:8      | Reached skill level 5 in Armour
  7098 | D:8      | Found a basalt altar of Yredelemnul.
  8083 | D:9      | Reached ** piety under Wu Jian
  8666 | D:9      | Noticed thiole's ghost (journeyman OpWz)
  8667 | D:9      | Found a runed translucent gate.
  8667 | D:9      | Found a runed translucent gate.
  8668 | D:9      | Found a roughly hewn altar of Beogh.
  8668 | D:9      | Found a runed translucent gate.
  8740 | D:9      | Gained mutation: Your skin changes colour to match your
                  | surroundings (Stealth+). [potion of mutation]
  8783 | D:9      | Killed thiole's ghost
  8784 | D:9      | Reached skill level 5 in Shields
  8820 | D:9      | Reached XP level 11. HP: 25/74 MP: 11/11
  8992 | D:10     | Entered Level 10 of the Dungeon
  8992 | D:10     | Found Kinnuisi's Antique Weapon Emporium.
  8992 | D:10     | Noticed Sonja
  9144 | D:9      | HP: 2/75 [poisoned by Sonja]
  9270 | D:10     | Noticed a brown ugly thing
  9270 | D:10     | Noticed a death yak
  9275 | D:10     | Noticed a death yak
  9275 | D:10     | Noticed a death yak
  9276 | D:10     | Found a staircase to the Lair.
  9432 | D:10     | Got a translucent leather armour
  9448 | D:10     | Reached skill level 5 in Short Blades
  9465 | D:10     | Identified the +3 leather armour of Pessimism {rPois rF-
                  | Str+9 Dex-4} (You found it on level 10 of the Dungeon)
  9628 | D:9      | Killed a brown ugly thing
  9703 | D:10     | Identified the Compendium of Confrontation and Calling
  9775 | D:9      | Reached *** piety under Wu Jian
 10155 | D:9      | Killed a death yak
 10267 | D:10     | Noticed Grum
 10276 | D:10     | Found a staircase to the Orcish Mines.
 10455 | D:10     | Killed Grum
 10507 | D:10     | Bought an iridescent short sword for 216 gold pieces
 10507 | D:10     | Identified the +10 short sword of the Magi {vorpal, Str+8}
                  | (You bought it in a shop on level 10 of the Dungeon)
 10598 | D:10     | Killed Sonja
 10704 | D:9      | Killed a death yak
 10760 | D:10     | Killed a death yak
 10934 | D:10     | Noticed Erolcha
 10945 | D:10     | Killed Erolcha
 10946 | D:10     | Reached XP level 12. HP: 72/81 MP: 12/12
 11170 | D:11     | Got a masterwork trident
 11171 | D:11     | Identified the +3 trident of Articulation {holy, Dex+6}
                  | (You found it on level 11 of the Dungeon)
 11214 | D:11     | Noticed a tengu warrior
 11224 | D:11     | Killed a tengu warrior
 11237 | D:11     | Noticed Psyche
 11244 | D:11     | Killed Psyche
 11379 | D:11     | Reached **** piety under Wu Jian
 11464 | D:11     | Killed an unseen horror
 11590 | D:11     | Noticed an eight-headed hydra
 11598 | D:11     | Killed an eight-headed hydra
 11820 | Lair:1   | Entered Level 1 of the Lair of Beasts
 11904 | Lair:1   | Found a runed translucent door.
 11904 | Lair:1   | Noticed 0gre's ghost (journeyman GnIE)
 11944 | Lair:1   | Noticed a six-headed hydra
 12008 | Lair:1   | Killed 0gre's ghost
 12015 | Lair:1   | Reached skill level 10 in Short Blades
 12016 | Lair:1   | Reached skill level 5 in Dodging
 12020 | Lair:1   | Killed a six-headed hydra
 12582 | Lair:2   | Found a staircase to the Swamp.
 12604 | Lair:2   | Reached XP level 13. HP: 81/88 MP: 13/13
 12622 | Swamp:1  | Entered Level 1 of the Swamp
 12622 | Swamp:1  | Noticed Kirke
 12624 | Swamp:1  | Noticed a seven-headed hydra
 12642 | Swamp:1  | Noticed a six-headed hydra
 12727 | Swamp:1  | Noticed an eleionoma
 12738 | Swamp:1  | Killed a seven-headed hydra
 12750 | Swamp:1  | Killed from afar by an eleionoma

Illustrated notes

Levels and vault maps discovered:
D:1:      dpeg_arrival_rooms_with_view, layout_basic, hex_large
D:2:      cheibrodos_fertilizer, layout_loops_ring, serial_rivers,
          chequers_serial_rivers_micro_c, chequers_serial_rivers_small_a,
          chequers_serial_rivers_micro_c, chequers_serial_rivers_micro_a,
          uniq_terence, uniq_jessica, uniq_sigmund
D:3:      layout_loops_corners, nicolae_overflow_crystal_walls,
          grunt_ministairs_1, mrwooster_statue_mirror
D:4:      layout_loops_ring
D:5:      layout_rooms, minitemple
D:6:      layout_basic, overflow_temple_1_default, ashenzari_altar_1,
          minmay_temple_entry_tees, trog_butcher_becter, uniq_edmund
D:7:      layout_basic, lemuel_another_geyser
D:8:      layout_basic, lemuel_doored_altar
D:9:      layout_roguey, biasface_ghost_orc_armoury
D:10:     layout_small_grid, dpeg_lair_monsters, minmay_orc_entry_guard_dogs,
          serial_shops, shop_statue, uniq_sonja, uniq_erolcha, uniq_grum
D:11:     layout_roguey, uniq_psyche
Lair:1:   layout_gridlike, hellmonk_ghost_happy_afterlife
Lair:2:   layout_hall_layers, swamp_mist
Swamp:1:  layout_basic_swamp, ebering_ghost_rock_garden,
          evilmike_swamp_ruin_house_2, swamp_pool3, st_swamp_ruins_3, uniq_kirke

Skill      XL: |  1  2  3  4  5  6  7  8  9 10 11 12 |
---------------+-------------------------------------+-----
Slings         | 6 7 8 9 10 11 12 14 | 14.9
Fighting       | 2 3 4 5 6 7 8 |  8.4
Armour         | 1 2 3 4 5 7 9 |  9.4
Shields        | 1 2 5 7 9 |  9.6
Dodging        | 3 4 5 |  5.1
Short Blades   | 4 7 10 | 10.9
Stealth        | 2 |  2.1
Maces & Flails | |  0.4
Throwing       | |  0.4
Evocations     | |  0.4

Action                   |  1- 3 |  4- 6 |  7- 9 | 10-12 | 13-15 || total
-------------------------+-------+-------+-------+-------+-------++-------
Melee: Short sword       |       |    26 |       |  1197 |    85 ||  1308
       Whip              |       |       |    17 |       |       ||    17
       Hunting sling     |       |       |     5 |    68 |       ||    73
 Fire: Hunting sling     |    88 |   137 |   507 |   226 |       ||   958
Throw: Dart              |       |       |       |     7 |       ||     7
Invok: Lunge             |       |       |     7 |    45 |     3 ||    55
       Whirlwind         |       |       |       |   375 |    31 ||   406
       Serpent's Lash    |       |       |       |     3 |     1 ||     4
 Abil: Wall Jump         |       |       |       |     8 |       ||     8
Evoke: Wand              |       |       |       |     7 |       ||     7
  Use: Scroll            |       |     4 |     2 |    17 |     2 ||    25
       Potion            |       |       |       |    18 |     1 ||    19
Armor: Leather armour    |     1 |    25 |       |       |       ||    26
       Chain mail        |       |     4 |    77 |   367 |    41 ||   489
Dodge: Dodged            |     7 |    57 |    96 |   492 |    60 ||   712
Block: Buckler           |       |       |    45 |    74 |       ||   119
       Kite shield       |       |       |       |   514 |    73 ||   587
